 Dungeon Crawl Stone Soup version 0.30.1-1-g62c8e00024 (webtiles) character file.

Game seed: 13514143257677824834

12691 Peloso the Carver (level 11, -8/100 HPs)
             Began as a Minotaur Fighter on July 15, 2023.
             Was a High Priest of Okawaru.
             Mangled by a minotaur
             ... wielding a +6 great sword of holy wrath
              (21 damage)
             ... in a Gauntlet.
             The game lasted 00:26:10 (11583 turns).

Peloso the Carver (Minotaur Fighter)               Turns: 11583, Time: 00:26:11

Health: -8/100     AC: 19    Str: 24    XL:     11   Next: 65%
Magic:  10/10      EV: 11    Int:  5    God:    Okawaru [*****.]
Gold:   407        SH: 11    Dex: 13    Spells: 10/10 levels left

rFire   + + .        a - +3 long sword (freeze)
rCold   + . .        d - +0 buckler
rNeg    + . .        P - +0 chain mail
rPois   .            (helmet restricted)
rElec   .            H - scarf {rC+ rF+}
rCorr   .            j - +0 pair of gloves
SInv    .            g - +0 pair of boots
Will    +....        J - amulet of reflection Stlth
                     k - ring "Mawanas" {rF+ rN+ Will+ Str+2}
HPRegen 0.36/turn    n - +4 ring of protection
MPRegen 0.12/turn

%: no teleportation, reflection
@: on berserk cooldown, slowed, very slow
A: horns 2, retaliatory headbutt
a: Renounce Religion, Heroism, Finesse, Duel


You were in a Gauntlet.
You worshipped Okawaru.
Okawaru was extremely pleased with you.
You visited 3 branches of the dungeon, and saw 13 of its levels.
You also visited: Gauntlet.

You collected 422 gold pieces.
You spent 15 gold pieces at shops.

Inventory:

Hand Weapons
 a - a +3 long sword of freezing (weapon)
 b - a +0 scimitar of flaming
Missiles
 M - 2 throwing nets (quivered)
Armour
 c - a +0 cloak
 d - a +0 buckler (worn)
 g - a +0 pair of boots (worn)
 i - the -1 pair of gloves of Theory {Contam Harm rC+++ Will+}
   (Okawaru gifted it to you in a Gauntlet)

   rC:        It renders you almost immune to cold.
   Contam:    It causes magical contamination when unequipped.
   Harm:      It increases damage dealt and taken.
   Will:      It increases your willpower.
 j - a +0 pair of gloves (worn)
 F - +0 swamp dragon scales
 H - a scarf of resistance (worn)
 P - a +0 chain mail (worn)
Jewellery
 k - the ring "Mawanas" (left hand) {rF+ rN+ Will+ Str+2}
   (You found it on level 3 of the Dungeon)

   [ring of protection from fire]

   Str:       It affects your strength (+2).
   rF:        It protects you from fire.
   rN:        It protects you from negative energy.
   Will:      It increases your willpower.
 n - a +4 ring of protection (right hand)
 o - the amulet "Sagyo" {Reflect Fly Will+ rCorr Str-4 SH+5}
   (You found it in a Gauntlet)

   [amulet of reflection]

   It reflects blocked missile attacks.
   Str:       It affects your strength (-4).
   Fly:       It grants you flight.
   rCorr:     It protects you from acid and corrosion.
   SH:        It affects your SH (+5).
   Will:      It increases your willpower.
 t - a ring of willpower
 x - a ring of see invisible
 G - a ring of wizardry
 I - a +6 ring of strength
 J - an amulet of reflection (around neck)
Wands
 C - a wand of flame (49)
 D - a wand of iceblast (6)
Scrolls
 f - 4 scrolls of amnesia
 h - 5 scrolls of enchant weapon
 l - 5 scrolls of immolation
 m - a scroll of enchant armour
 q - 2 scrolls of summoning
 r - 4 scrolls of teleportation
 y - a scroll of noise
 B - 2 scrolls of acquirement
 E - a scroll of silence
Potions
 e - 2 potions of might
 p - 5 potions of curing
 u - 2 potions of berserk rage
 v - 5 potions of magic
 w - 2 potions of brilliance
 z - 3 potions of invisibility
 A - 3 potions of flight
 N - 2 potions of degeneration


   Skills:
 + Level 10.3 Fighting
 + Level 13.9 Long Blades
 + Level 11.2 Armour
 + Level 5.6 Dodging
 + Level 2.0 Stealth
 + Level 8.3 Shields
 + Level 1.0 Invocations
 + Level 1.1 Evocations


You had 10 spell levels left.
You didn't know any spells.
Your spell library contained the following spells:

 Spells                   Type           Power      Damage    Failure   Level
 Poisonous Vapours        Pois/Air       0%         N/A       98%         2
 Mephitic Cloud           Conj/Pois/Air  0%         N/A       100%        3
 Volatile Blastmotes      Fire/Tloc      0%         2d10      100%        3
 Fulminant Prism          Conj/Hex       0%         3d5       100%        4
 Iskenderun's Mystic Bla  Conj/Tloc      0%         2d3       100%        4
 Alistair's Intoxication  Tmut/Pois      0%         N/A       100%        5
 Borgnjor's Vile Clutch   Necr/Erth      0%         N/A       100%        5
 Freezing Cloud           Conj/Ice/Air   0%         6-21      100%        5
 Lee's Rapid Deconstruct  Erth           0%         3d4*      100%        5
 Eringya's Noxious Bog    Tmut/Pois      0%         N/A       100%        6
 Chain Lightning          Conj/Air       0%         N/A       100%        9
 Fire Storm               Conj/Fire      0%         5d1       100%        9
 Shatter                  Erth           0%         3d5*      100%        9


Dungeon Overview and Level Annotations

Branches:
Dungeon (10/15)            Temple (1/1) D:4            Lair (2/5) D:8
  Swamp (0/4) Lair:2      Gauntlet (1/1)
  Snake: Lair:2-3    Spider: Lair:2-3       Orc: D:9-12

Altars:
Ashenzari
Cheibriados
Dithmenos
Elyvilon
Fedhas
Makhleb
Nemelex Xobeh
Okawaru
Qazlal
Ru
Sif Muna
Trog
Uskayaw
Vehumet
Xom
Yredelemnul
Zin
The Shining One

Shops:
D:4 :   D:6 *

Annotations:
D:7 1 runed translucent door, Graphine's ghost, novice HOFi Gauntlet 12 transporters, 21 runed translucent doors, exclusion: obsidian statue


Innate Abilities, Weirdness & Mutations

You have a pair of horns on your head.
You reflexively headbutt those who attack you in melee.


Message History

The minotaur gores you!
You hit the minotaur but do no damage.
The minotaur is almost dead.
You block the minotaur's attack.
The minotaur gores you but does no damage.
You closely miss the minotaur. Your headbutt misses the minotaur.
The minotaur is almost dead.
You closely miss the minotaur.
The minotaur is almost dead.
The minotaur hits you with a +6 great sword of holy wrath!!
The minotaur gores you but does no damage.
You hit the minotaur but do no damage.
You headbutt the minotaur, but do no damage.
The minotaur is almost dead.
You hit the minotaur but do no damage.
You headbutt the minotaur, but do no damage.
The minotaur is almost dead.
You block the minotaur's attack. x2
You closely miss the minotaur.
The minotaur furiously retaliates!
The minotaur headbutts you, but does no damage.
You headbutt the minotaur.
The minotaur is almost dead.
You barely miss the minotaur.
The minotaur furiously retaliates!
The minotaur headbutts you!
Your headbutt misses the minotaur.
The minotaur is almost dead.
You are no longer berserk.
You are exhausted.
You feel yourself slow down.
The minotaur hits you with a +6 great sword of holy wrath!!
* * * LOW HITPOINT WARNING * * *
You block the minotaur's attack.
You closely miss the minotaur.
The minotaur is almost dead.
You block the minotaur's attack. The minotaur gores you.
* * * LOW HITPOINT WARNING * * *
Okay, then.
You hit the minotaur but do no damage.
The minotaur is almost dead.
The minotaur hits you with a +6 great sword of holy wrath!!
You die...

### ≈≈≈ ≈∩ H. ###. ...
######'#######
.......H@....#
.###.###.###.#
#.###.###.###.#
#.............#
###.###.###.###
#####.###.###.#####
#§...............≈# #
####8..©.©.©.©.©.©..8####
### # #
#8##≈...............≈##8#
#8# #


You could see a minotaur.

Vanquished Creatures
  Erica (Lair:1)
  A two-headed ogre (D:10)
  A sixfirhy (Gauntlet)
  Pikel (D:6)
  Joseph (D:7)
  2 cane toads
  Maggie (D:7)
  A komodo dragon (Lair:2)
  3 meliai (Gauntlet)
  A polar bear (Lair:1)
  3 blink frogs
  A troll (D:10)
  Grinder (D:3)
  2 shadows
  4 wyverns
  13 yaks
  A neqoxec (Gauntlet)
  A basilisk (Lair:1)
  2 chaos spawn (Gauntlet)
  3 water moccasins
  2 ogres
  2 ice beasts
  8 wolves
  A phantom (D:5)
  8 bullfrogs
  4 kobold brigands
  A gnoll sergeant (D:9)
  2 scorpions (D:5)
  5 wights (D:9)
  9 howler monkeys
  An electric eel (Lair:1)
  4 hounds
  A jelly (D:6)
  An orc priest (D:5)
  4 sleepcaps
  4 gnoll boudas
  3 iguanas
  4 orc wizards
  33 gnolls
  6 adders
  A shadow imp (D:7)
  A white imp (D:7)
  3 ufetubi
  2 worms
  2 dart slugs
  14 orcs
  2 bats (D:2)
  4 endoplasms
  4 giant cockroaches
  8 goblins
  9 hobgoblins
  6 jackals
  27 kobolds
  2 quokkas
  10 ball pythons
  3 frilled lizards
  9 rats
254 creatures vanquished.

Notes
Turn   | Place    | Note
-------+----------+-------------------------------------------
     0 | D:1      | Peloso the Minotaur Fighter began the quest for the Orb.
     0 | D:1      | Reached XP level 1. HP: 19/19 MP: 0/0
    11 | D:1      | Found a faded altar of an unknown god.
   147 | D:1      | Reached XP level 2. HP: 27/27 MP: 1/1
   525 | D:1      | Reached XP level 3. HP: 33/33 MP: 2/2
   748 | D:2      | Reached skill level 3 in Long Blades
   813 | D:2      | Reached skill level 1 in Dodging
   822 | D:2      | Reached XP level 4. HP: 29/40 MP: 3/3
  1488 | D:3      | Identified the ring "Mawanas" {rF+ rN+ Will+ Str+2}
  1611 | D:3      | Reached skill level 4 in Long Blades
  1613 | D:3      | Reached XP level 5. HP: 43/46 MP: 4/4
  1772 | D:3      | Noticed Grinder
  1788 | D:3      | Paralysed by Grinder for 3 turns
  1806 | D:3      | Killed Grinder
  1807 | D:3      | Reached skill level 5 in Long Blades
  1807 | D:3      | Reached skill level 5 in Armour
  1807 | D:3      | Reached XP level 6. HP: 34/53 MP: 5/5
  2310 | D:4      | Found a staircase to the Ecumenical Temple.
  2329 | Temple   | Entered the Ecumenical Temple
  2440 | Temple   | Became a worshipper of Warmaster Okawaru
  2526 | D:4      | Found Ciorphik's Book Emporium.
  2666 | D:4      | Reached skill level 6 in Long Blades
  3104 | D:5      | Entered Level 5 of the Dungeon
  3247 | D:5      | Reached skill level 5 in Shields
  3247 | D:5      | Reached XP level 7. HP: 60/60 MP: 6/6
  3493 | D:5      | Reached skill level 5 in Fighting
  3502 | D:5      | Reached * piety under Okawaru
  3518 | D:5      | Reached skill level 7 in Long Blades
  3997 | D:6      | HP: 2/61 [ogre/+0 giant club (31)]
  4183 | D:6      | Reached XP level 8. HP: 65/69 MP: 7/7
  4211 | D:6      | Found a stormy altar of Qazlal.
  4348 | D:6      | Reached ** piety under Okawaru
  4385 | D:6      | Found Qyntin's CLEARANCE SALE!.
  4392 | D:6      | Bought a scroll of teleportation for 15 gold pieces
  4471 | D:6      | Reached skill level 8 in Long Blades
  5362 | D:6      | Reached skill level 9 in Long Blades
  5600 | D:7      | Reached XP level 9. HP: 59/78 MP: 8/8
  5611 | D:7      | Reached *** piety under Okawaru
  5682 | D:7      | Noticed Pikel
  5763 | D:6      | Killed Pikel
  5764 | D:6      | Reached skill level 10 in Long Blades
  6017 | D:7      | Noticed Joseph
  6033 | D:7      | Killed Joseph
  6033 | D:7      | Reached **** piety under Okawaru
  6284 | D:7      | Found a runed translucent door.
  6285 | D:7      | Noticed Graphine's ghost (novice HOFi)
  6330 | D:7      | Reached skill level 11 in Long Blades
  6511 | D:7      | Noticed Maggie
  6529 | D:7      | Killed Maggie
  6598 | D:7      | Reached XP level 10. HP: 84/88 MP: 9/9
  7263 | D:8      | Found a snail-covered altar of Cheibriados.
  7355 | D:8      | Found a white marble altar of Elyvilon.
  7395 | D:8      | Found a staircase to the Lair.
  7693 | D:9      | Reached skill level 12 in Long Blades
  7815 | D:9      | Found a hide-covered altar of Uskayaw.
  7815 | D:9      | Found a faded altar of an unknown god.
  7823 | D:9      | Found a sacrificial altar of Ru.
  7825 | D:9      | Found a sparkling altar of Nemelex Xobeh.
  7827 | D:9      | Found a blossoming altar of Fedhas.
  7961 | D:9      | Reached skill level 10 in Armour
  9062 | D:10     | Entered Level 10 of the Dungeon
  9086 | D:10     | Noticed a two-headed ogre
  9094 | D:10     | Killed a two-headed ogre
  9125 | D:10     | Reached skill level 5 in Dodging
  9153 | D:10     | Noticed a gargoyle
  9167 | D:10     | Noticed a two-headed ogre
  9336 | D:10     | Noticed an ice dragon
  9412 | Lair:1   | Entered Level 1 of the Lair of Beasts
  9418 | Lair:1   | Noticed a cane toad
  9436 | D:8      | Killed a cane toad
  9768 | D:8      | Reached XP level 11. HP: 61/95 MP: 10/10
  9788 | D:8      | Reached ***** piety under Okawaru
  9929 | Lair:1   | Reached skill level 1 in Stealth
  9932 | Lair:1   | Reached skill level 13 in Long Blades
 10413 | Lair:1   | Noticed Erica
 10439 | Lair:1   | Killed Erica
 10771 | Lair:2   | Identified 2 scrolls of acquirement
 10835 | Lair:2   | Reached skill level 1 in Evocations
 10856 | Lair:2   | Found a gate leading to a gauntlet.
 10865 | Gauntlet | Entered a Gauntlet
 10865 | Gauntlet | Found a transporter.
 10875 | Gauntlet | Found a transporter.
 10877 | Gauntlet | Found a transporter.
 10879 | Gauntlet | Found a transporter.
 10905 | Gauntlet | Found a transporter.
 10907 | Gauntlet | Found a transporter.
 10911 | Gauntlet | Noticed a fire crab
 10922 | Gauntlet | Found a transporter.
 10938 | Gauntlet | Found a transporter.
 10940 | Gauntlet | Noticed a death scarab
 10946 | Gauntlet | Found a transporter.
 10962 | Gauntlet | Found a transporter.
 10973 | Gauntlet | Noticed an entropy weaver
 10978 | Gauntlet | Found a transporter.
 10979 | Gauntlet | Noticed a death scarab
 11013 | Gauntlet | Found a transporter.
 11027 | Gauntlet | Noticed a death scarab
 11032 | Gauntlet | Noticed a death scarab
 11043 | Gauntlet | Found a transporter.
 11074 | Gauntlet | Found a transporter.
 11074 | Gauntlet | Noticed an obsidian statue
 11079 | Gauntlet | Found a transporter.
 11083 | Gauntlet | Noticed a sixfirhy
 11100 | Gauntlet | Found a large runed translucent door.
 11101 | Gauntlet | Found a large runed translucent door.
 11102 | Gauntlet | Found a large runed translucent door.
 11102 | Gauntlet | Found a large runed translucent door.
 11103 | Gauntlet | Found a runed translucent gate.
 11103 | Gauntlet | Noticed a death yak
 11103 | Gauntlet | Noticed a death yak
 11104 | Gauntlet | Found a transporter.
 11104 | Gauntlet | Found a runed translucent gate.
 11105 | Gauntlet | Found a runed translucent gate.
 11105 | Gauntlet | Noticed a death yak
 11106 | Gauntlet | Found a large runed translucent door.
 11106 | Gauntlet | Found a large runed translucent door.
 11106 | Gauntlet | Found a runed translucent door.
 11106 | Gauntlet | Found a runed translucent door.
 11107 | Gauntlet | Found a large runed translucent door.
 11107 | Gauntlet | Noticed a necromancer
 11108 | Gauntlet | Found a large runed translucent door.
 11110 | Gauntlet | Found a transporter.
 11125 | Gauntlet | Found a large runed translucent door.
 11125 | Gauntlet | Found a large runed translucent door.
 11126 | Gauntlet | Found a large runed translucent door.
 11127 | Gauntlet | Found a large runed translucent door.
 11136 | Gauntlet | Found a large runed translucent door.
 11136 | Gauntlet | Found a large runed translucent door.
 11137 | Gauntlet | Found a large runed translucent door.
 11138 | Gauntlet | Found a large runed translucent door.
 11159 | Gauntlet | Found a transporter.
 11223 | Gauntlet | Reached skill level 10 in Fighting
 11229 | Gauntlet | Identified the -1 pair of gloves of Theory {Contam Harm
                  | rC+++ Will+} (Okawaru gifted it to you in a Gauntlet)
 11229 | Gauntlet | Received a gift from Okawaru
 11276 | Gauntlet | Killed a sixfirhy
 11277 | Gauntlet | Reached skill level 1 in Invocations
 11363 | Gauntlet | Identified the amulet "Sagyo" {Reflect Fly Will+ rCorr
                  | Str-4 SH+5}
 11558 | Gauntlet | Noticed a minotaur
 11583 | Gauntlet | Mangled by a minotaur

Illustrated notes

Levels and vault maps discovered:
D:1:      minmay_arrival_five_plusses, layout_loops_ring,
          ebering_ecumenical_altar_rust
D:2:      layout_basic
D:3:      layout_basic, minmay_crystal_water, uniq_grinder
D:4:      layout_gridville, temple_pool_b, serial_shops,
          nicolae_shop_tiny_waterfront, minmay_puff
D:5:      layout_loops_ring
D:6:      layout_loops_ring, nicolae_qazlal_general_emergency,
          nicolae_shop_clearance
D:7:      layout_basic, ebering_ghost_reflecting_pool, uniq_joseph, uniq_pikel,
          uniq_maggie
D:8:      layout_gridville, kennysheep_little_box, general_overflow_altar,
          dpeg_oklobed_lair
D:9:      layout_stronghold, chequers_temple_overflow_minitemple,
          grunt_ogre_cave, minmay_variable_closet,
          chequers_serial_rivers_large_b
D:10:     minmay_the_grid_3x2 [minmay_the_grid_dragon_a, minmay_the_grid_tree,
          minmay_the_grid_square_x, minmay_the_grid_embedded,
          minmay_the_grid_pillar_ring, minmay_the_grid_prize_shrinking_boxes],
          layout_loops_corners, kiku_gazebo_garden_becter,
          mainiacjoe_overflow_big_doors, mainiacjoe_overflow_small_starburst,
          serial_shops, nicolae_shop_tiny_glass, enter_trove_0,
          minmay_hollow_rounded_squares
Temple:   jpeg_temple_clearing
Lair:1:   layout_chaotic_city, serial_bayou_shore_b, serial_bayou_shore_b,
          uniq_erica
Lair:2:   layout_layer_cave, nicolae_swamp_entry_spooky,
          gammafunk_ghost_hydra_chop, gauntlet_entry_generic,
          beast_lair_carwin_6
Gauntlet: gammafunk_gauntlet_one_two_three [nicolae_gauntlet_arena_grate_2,
          gammafunk_gauntlet_arena_split_x, gammafunk_gauntlet_arena_hedges,
          minmay_gauntlet_arena_make_your_own_arena,
          gammafunk_gauntlet_arena_grid, nicolae_gauntlet_arena_t_cross,
          gammafunk_gauntlet_arena_mazey, gammafunk_gauntlet_arena_spirals,
          nicolae_gauntlet_arena_quarters, gauntlet_exit_watery]

Skill      XL: |  1  2  3  4  5  6  7  8  9 10 11 |
---------------+----------------------------------+-----
Armour         | 4 5 6 7 9 10 11 | 11.2
Shields        | 4 5 6 7 8 |  8.3
Fighting       | 4 5 6 7 8 10 | 10.3
Long Blades    | 3 4 5 6 7 9 11 12 13 | 13.9
Dodging        | 1 2 3 4 5 |  5.6
Stealth        | 2 |  2.0
Evocations     | 1 |  1.1
Invocations    | 1 |  1.0

Action                     |  1- 3 |  4- 6 |  7- 9 | 10-12 || total
---------------------------+-------+-------+-------+-------++-------
  Melee: Long sword        |    84 |   167 |   306 |   409 ||   966
         Headbutt          |    10 |    28 |    78 |    79 ||   195
 Invoke: Heroism           |       |       |     1 |     6 ||     7
  Evoke: Wand              |       |       |     1 |     1 ||     2
    Use: Potion            |       |     2 |     1 |     5 ||     8
         Scroll            |       |     6 |     2 |    14 ||    22
   Stab: Invisible         |       |       |       |     4 ||     4
 Armour: Scale mail        |    33 |    45 |       |       ||    78
         Chain mail        |       |    54 |   148 |   159 ||   361
  Dodge: Dodged            |    44 |    75 |   131 |   141 ||   391
  Block: Buckler           |    25 |    43 |    60 |   184 ||   312
         Reflection        |       |       |       |     2 ||     2
